 Dungeon Crawl Stone Soup version 0.17-a0-1909-g0b14330 (webtiles) character file.

244 Geeful the Ruffian (level 6, -4/43 HPs)
             Began as a Human Wanderer on Sept 25, 2015.
             Slain by Crazy Yiuf
             ... wielding a +3 quarterstaff of chaos
              (13 damage)
             ... on level 3 of the Dungeon.
             The game lasted 00:09:42 (2492 turns).

Geeful the Ruffian (Human Wanderer)                 Turns: 2492, Time: 00:09:42

Health: -4/43      AC:  5    Str: 15    XL:     6   Next: 32%
Magic:  9/9        EV: 10    Int: 13    God:
Gold:   60         SH:  0    Dex: 11    Spells: 0 memorised, 9 levels left

rFire  . . .     SeeInvis .       - Unarmed
rCold  . . .     Clarity  .     d - +0 ring mail
rNeg   . . .     SustAt   .     (no shield)
rPois  .         Gourm    .     (no helmet)
rElec  .         Spirit   .     (no cloak)
rCorr  .         Warding  .     (no gloves)
rMut   .         Stasis   .     (no boots)
MR     .....                    a - amulet of regeneration
Stlth  +.........               (no ring)
                                (no ring)

@: not resistant to hostile enchantments, very unstealthy
A: no striking features
a: no special abilities


You were on level 3 of the Dungeon.
You were not hungry.

You visited 1 branch of the dungeon, and saw 3 of its levels.

You collected 60 gold pieces.

Inventory:

Armour
 d - a +0 ring mail (worn)
Jewellery
 a - an amulet of regeneration (around neck)
Scrolls
 b - a scroll of identify
 c - 2 scrolls of teleportation
 k - 2 scrolls of remove curse
 m - 3 scrolls of magic mapping
Potions
 e - a potion of resistance {unknown}
Comestibles
 f - a bread ration
 g - 2 fruits


   Skills:
 - Level 1.0 Fighting
   Level 1.0 Staves
 - Level 1.0 Throwing
 - Level 2.0 Stealth
 + Level 5.7 Unarmed Combat
 - Level 2.0 Spellcasting
   Level 1.0 Transmutations
   Level 2.0 Air Magic


You had 9 spell levels left.
You didn't know any spells.

Dungeon Overview and Level Annotations

Branches:
Dungeon (3/15)

Altars:
Cheibriados
Fedhas

Annotations:
D:3 Crazy Yiuf


Message History

You feel much better.
You completely miss Crazy Yiuf.
Crazy Yiuf is moderately wounded.
Crazy Yiuf says, "Liver!
Hack koolooloo mumblescurry."
Crazy Yiuf hits you with a quarterstaff of chaos.
You are electrocuted!
You are too injured to fight recklessly!
You closely miss Crazy Yiuf.
Crazy Yiuf is moderately wounded.
You hit Crazy Yiuf.
Crazy Yiuf is heavily wounded.
Crazy Yiuf hits you with a quarterstaff of chaos!
* * * LOW HITPOINT WARNING * * *
Crazy Yiuf burns you.
* * * LOW HITPOINT WARNING * * *
You barely miss Crazy Yiuf.
Crazy Yiuf is heavily wounded.
Crazy Yiuf says, "Castle!
Powder illywillydillykilly canine."
Crazy Yiuf hits you with a quarterstaff of chaos!
You die...

...###.#...........#)........#
.#.# #...#############.#####.#
.#.###.....# #...# #.#
.#........## ##### #÷..# #.#
.###.#..)..# #)..# #...# #.#
..##.#....## #...# #...#
#.#### ..##.#.#...# ... #...#
#..... ..#....##### #g# #..##
#.#### .......# #.# #@## #..#
#.# .......# #.# ##.#
#..####.# ......†# #.# #.##
#.......# ..#....# #.# ##.#
#..####.# ..####.###.# ##.##
#..# #.# ........##.# ##...#
#..####.# ######..##.# #....#
#.......# #.....# ##..##
#.####### #.....#
#....###.########


You could see Crazy Yiuf.

Vanquished Creatures
  The ghost of Geeful the Charmwright, an average HuWn (D:3)
  Natasha (D:3)
  4 adders
  4 gnolls (D:3)
  6 orcs (D:3)
  10 bats
  4 giant cockroaches
  6 goblins
  3 hobgoblins
  15 jackals (D:1)
  6 kobolds
  2 giant geckos
  2 giant newts
  2 rats (D:1)
66 creatures vanquished.

Vanquished Creatures (others)
  A plant (D:1)
1 creature vanquished.

Grand Total: 67 creatures vanquished

Notes
Turn   | Place    | Note
--------------------------------------------------------------
     0 | D:1      | Geeful the Human Wanderer began the quest for the Orb.
     0 | D:1      | Geeful set off with: a +2 quarterstaff, the Handbook of Calling, a scroll of teleportation, a +0 robe, a +0 dagger, a bread ration, a !bad item (cl:100,ty:0,pl:0,pl2:0,sp:0,qu:0), a !bad item (cl:100,ty:0,pl:0,pl2:0,sp:0,qu:0), a !bad item (cl:100,ty:0,pl:0,pl2:0,sp:0,qu:0), a !bad item (cl:100,ty:0,pl:0,pl2:0,sp:0,qu:0), a !bad item (cl:100,ty:0,pl:0,pl2:0,sp:0,qu:0), a !bad item (cl:100,ty:0,pl:0,pl2:0,sp:0,qu:0), a !bad item (cl:100,ty:0,pl:0,pl2:0,sp:0,qu:0), a !bad item (cl:100,ty:0,pl:0,pl2:0,sp:0,qu:0), a !bad item (cl:100,ty:0,pl:0,pl2:0,sp:0,qu:0), a !bad item (cl:100,ty:0,pl:0,pl2:0,sp:0,qu:0), a !bad item (cl:100,ty:0,pl:0,pl2:0,sp:0,qu:0), a !bad item (cl:100,ty:0,pl:0,pl2:0,sp:0,qu:0), a !bad item (cl:100,ty:0,pl:0,pl2:0,sp:0,qu:0), a !bad item (cl:100,ty:0,pl:0,pl2:0,sp:0,qu:0), a !bad item (cl:100,ty:0,pl:0,pl2:0,sp:0,qu:0), a !bad item (cl:100,ty:0,pl:0,pl2:0,sp:0,qu:0), a !bad item (cl:100,ty:0,pl:0,pl2:0,sp:0,qu:0), a !bad item (cl:100,ty:0,pl:0,pl2:0,sp:0,qu:0), a !bad item (cl:100,ty:0,pl:0,pl2:0,sp:0,qu:0), a !bad item (cl:100,ty:0,pl:0,pl2:0,sp:0,qu:0), a !bad item (cl:100,ty:0,pl:0,pl2:0,sp:0,qu:0), a !bad item (cl:100,ty:0,pl:0,pl2:0,sp:0,qu:0), a !bad item (cl:100,ty:0,pl:0,pl2:0,sp:0,qu:0), a !bad item (cl:100,ty:0,pl:0,pl2:0,sp:0,qu:0), a !bad item (cl:100,ty:0,pl:0,pl2:0,sp:0,qu:0), a !bad item (cl:100,ty:0,pl:0,pl2:0,sp:0,qu:0), a !bad item (cl:100,ty:0,pl:0,pl2:0,sp:0,qu:0), a !bad item (cl:100,ty:0,pl:0,pl2:0,sp:0,qu:0), a !bad item (cl:100,ty:0,pl:0,pl2:0,sp:0,qu:0), a !bad item (cl:100,ty:0,pl:0,pl2:0,sp:0,qu:0), a !bad item (cl:100,ty:0,pl:0,pl2:0,sp:0,qu:0), a !bad item (cl:100,ty:0,pl:0,pl2:0,sp:0,qu:0), a !bad item (cl:100,ty:0,pl:0,pl2:0,sp:0,qu:0), a !bad item (cl:100,ty:0,pl:0,pl2:0,sp:0,qu:0), a !bad item (cl:100,ty:0,pl:0,pl2:0,sp:0,qu:0), a !bad item (cl:100,ty:0,pl:0,pl2:0,sp:0,qu:0), a !bad item (cl:100,ty:0,pl:0,pl2:0,sp:0,qu:0), a !bad item (cl:100,ty:0,pl:0,pl2:0,sp:0,qu:0), a !bad item (cl:100,ty:0,pl:0,pl2:0,sp:0,qu:0), a !bad item (cl:100,ty:0,pl:0,pl2:0,sp:0,qu:0), a !bad item (cl:100,ty:0,pl:0,pl2:0,sp:0,qu:0), a !bad item (cl:100,ty:0,pl:0,pl2:0,sp:0,qu:0), a !bad item (cl:100,ty:0,pl:0,pl2:0,sp:0,qu:0), a !bad item (cl:100,ty:0,pl:0,pl2:0,sp:0,qu:0), a !bad item (cl:100,ty:0,pl:0,pl2:0,sp:0,qu:0), a !bad item (cl:100,ty:0,pl:0,pl2:0,sp:0,qu:0)
     0 | D:1      | Reached XP level 1. HP: 15/15 MP: 3/3
     2 | D:1      | Identified the Handbook of Calling
   190 | D:1      | Reached skill level 1 in Unarmed Combat
   213 | D:1      | Reached XP level 2. HP: 9/21 MP: 5/5
   531 | D:1      | Reached XP level 3. HP: 24/26 MP: 6/6
  1002 | D:2      | Found a blossoming altar of Fedhas.
  1017 | D:2      | Reached skill level 3 in Unarmed Combat
  1175 | D:2      | Found a snail-covered altar of Cheibriados.
  1336 | D:2      | Found a faded altar to an unknown god.
  1445 | D:2      | Reached XP level 4. HP: 32/32 MP: 7/7
  1743 | D:3      | Noticed Geeful's ghost (average HuWn)
  1892 | D:3      | Killed Geeful's ghost
  1892 | D:3      | Reached skill level 4 in Unarmed Combat
  1892 | D:3      | Reached XP level 5. HP: 32/37 MP: 8/8
  1916 | D:3      | Reached skill level 5 in Unarmed Combat
  2019 | D:3      | Reached XP level 6. HP: 20/43 MP: 9/9
  2385 | D:3      | Noticed Natasha
  2422 | D:3      | Killed Natasha
  2484 | D:3      | Noticed Crazy Yiuf
  2492 | D:3      | Slain by Crazy Yiuf

Vault maps used:
D:1:      evilmike_arrival_crescent, serial_bayou_lake_a
D:2:      overflow_temple_1_default, fedhas_altar_2, ecumenical_altar_2
D:3:      uniq_crazy_yiuf_cottage, uniq_natasha

Action                   |  1- 3 |  4- 6 || total
-------------------------+-------+-------++-------
Melee: Unarmed           |   268 |   132 ||   400
  Use: Scroll            |     3 |     3 ||     6
       Potion            |       |     4 ||     4
 Stab: Sleeping          |     1 |       ||     1
  Eat: Chunk             |     3 |     5 ||     8
